 Dungeon Crawl Stone Soup version 0.22-a0-533-g4d20840 (console) character file.

218 Goblin1989 the Firebug (level 5, -2/31 HPs)
             Began as an Octopode Fire Elementalist on June 22, 2018.
             Killed from afar by Ijyb (14 damage)
             ... with a wand of flame (18)
             ... on level 4 of the Dungeon.
             The game lasted 00:15:04 (4711 turns).

Goblin1989 the Firebug (Octopode Fire Elementalist) Turns: 4711, Time: 00:15:05

Health: -2/31      AC:  1    Str:  7    XL:     5   Next: 95%
Magic:  0/9        EV: 13    Int: 18    God:
Gold:   218        SH:  4    Dex: 13    Spells: 3/10 levels left

rFire    . . .     SeeInvis .   E - +1 dagger (venom)
rCold    . . .     Gourm    .   (no shield)
rNeg     . . .     Faith    .   (helmet restricted)
rPois    .         Spirit   .   p - +4 amulet of reflection
rElec    .         Reflect  +   l - ring of flight
rCorr    .         Harm     .   (no ring)
MR       .....                  (no ring)
Stlth    +++.......             (no ring)
HPRegen  0.10/turn              (no ring)
MPRegen  0.11/turn              (no ring)
                                (no ring)
                                (no ring)

@: no status effects
A: almost no armour, stealthy swim, amphibious, 8 rings, constrict 8, camouflage
1, gelatinous body 1
a: Evoke Flight


You were on level 4 of the Dungeon.
You were not hungry.

You visited 1 branch of the dungeon, and saw 4 of its levels.

You collected 218 gold pieces.

Inventory:

Hand Weapons
 k - a +0 whip of electrocution
 t - a +0 hunting sling
 w - a cursed +0 blowgun {@w1}
 E - a +1 dagger of venom (weapon)
Missiles
 i - 126 stones {@Q3}
 j - 5 tomahawks (quivered)
 u - 33 sling bullets
 y - 9 arrows
 C - 2 tomahawks of dispersal
 F - 17 poisoned needles
Armour
 m - a +0 shield
Jewellery
 l - a ring of flight (left tentacle)
 p - a +4 amulet of reflection (around mantle)
Scrolls
 g - a scroll of teleportation {unknown}
 h - 3 scrolls of identify {unknown}
 n - 2 scrolls of remove curse {unknown}
Potions
 q - a potion of haste {unknown}
 s - a potion of berserk rage {unknown}
 v - a potion of heal wounds {unknown}
 x - a potion of invisibility {unknown}
 A - 2 potions of lignification {unknown}
 B - a potion of curing {unknown}
Comestibles
 e - 3 rations


   Skills:
 - Level 2.0 Dodging
 - Level 2.6 Stealth
 + Level 3.0 Spellcasting
 * Level 3.6 Conjurations
 * Level 4.6 Fire Magic


You had 3 spell levels left.
You knew the following spells:

 Your Spells              Type           Power        Failure   Level  Hunger
a - Flame Tongue          Conj/Fire      ###..        3%          1    None
b - Inner Flame           Hex/Fire       ##......     19%         3    ###....
j - Conjure Flame         Conj/Fire      ###.....     9%          3    ###....

Your spell library contained the following spells:

 Spells                   Type           Power        Failure   Level  Hunger
 Fireball                 Conj/Fire      ###.......   63%         5    ######.
 Throw Flame              Conj/Fire      ###...       4%          2    ##.....
 Sticky Flame             Conj/Fire      ###.....     30%         4    ####...


Dungeon Overview and Level Annotations

Branches:
Dungeon (4/15)
 Temple: D:4-7

Altars:
Ashenzari
Okawaru
Sif Muna
Trog
Wu Jian
Xom

Annotations:
D:4 Ijyb


Innate Abilities, Weirdness & Mutations

You cannot wear most types of armour.
You are very stealthy in the water. (Stealth+)
You are amphibious.
You can wear up to eight rings at the same time.
You can use your tentacles to constrict eight enemies at once.
Your skin changes colour to match your surroundings (Stealth+).
Your rubbery body absorbs attacks. (AC +1, EV +1)


Message History

Press: ? - help, Shift-Dir - straight line, f - jackal
Aim: a jackal The flame tongue hits the jackal.
You kill the jackal!
You now have 4/9 mp.
Casting: Flame Tongue (safe; 3% risk of failure)
Confirm with . or Enter, or press ? or * to list all spells.
You can't see any susceptible monsters within range! (Use Z to cast anyway.)
You butcher the jackal corpse.
D - 3 chunks of flesh MP restored: 9 Key pressed, stopping explore.
Key pressed, stopping explore.
You see here a mace.
Done exploring.
Done exploring.
Search for what [Enter for "."]?
You see here a dagger of venom.
E - a dagger of venom Wield which item (- for none, * to show all)? (? for menu, Esc to quit)
Your +0 whip of electrocution stops crackling.
Your +1 dagger of venom begins to drip with poison!
E - a +1 dagger of venom (weapon)
Search for what [Enter for "."]?
You see here 15 poisoned needles.
F - 15 poisoned needles
(D) Dungeon
Where to? (Enter - D:3 @ (x,y), ? - help)
Okay, then.
Search for what [Enter for "."]?
F - 17 poisoned needles (gained 2)
(D) Dungeon
Where to? (Enter - D:3 @ (x,y), ? - help)
There is a stone staircase leading up here.
You see here a club.
There is a stone staircase leading down here.
You climb downwards.
Ijyb the Twisted Goblin comes into view.
There is a stone staircase leading up here.
Casting: Flame Tongue (safe; 3% risk of failure)
Confirm with . or Enter, or press ? or * to list all spells.
Aiming: Conjure Flame (safe; 9% risk of failure)
Press: ? - help, Dir - move target cursor The fire ignites!
Ijyb shouts!
You now have 6/9 mp.
Casting: Conjure Flame (safe; 9% risk of failure)
Confirm with . or Enter, or press ? or * to list all spells.
Aiming: Flame Tongue (safe; 3% risk of failure)
Press: ? - help, Shift-Dir - straight line, f - Ijyb
Aim: Ijyb, wearing a scale mail The flame tongue misses Ijyb.
You now have 5/9 mp.
Casting: Flame Tongue (safe; 3% risk of failure)
Confirm with . or Enter, or press ? or * to list all spells.
Aiming: Flame Tongue (safe; 3% risk of failure)
Press: ? - help, Shift-Dir - straight line, f/p - Ijyb
Aim: Ijyb, wearing a scale mail The flame tongue hits Ijyb.
Ijyb is heavily wounded.
You now have 4/9 mp.
Casting: Flame Tongue (safe; 3% risk of failure)
Confirm with . or Enter, or press ? or * to list all spells.
Aiming: Flame Tongue (safe; 3% risk of failure)
Press: ? - help, Shift-Dir - straight line, f/p - Ijyb
Aim: Ijyb, wearing a scale mail (heavily wounded)
The flame tongue hits Ijyb.
Ijyb appears unharmed.
Ijyb is heavily wounded.
All of the chunks of flesh in your inventory have rotted away.
You now have 3/9 mp.
Casting: Flame Tongue (safe; 3% risk of failure)
Confirm with . or Enter, or press ? or * to list all spells.
Aiming: Flame Tongue (safe; 3% risk of failure)
Press: ? - help, Shift-Dir - straight line, f/p - Ijyb
Aim: Ijyb, wearing a scale mail (heavily wounded)
The flame tongue hits Ijyb.
Ijyb is severely wounded.
You now have 2/9 mp.
Casting: Flame Tongue (safe; 3% risk of failure)
Confirm with . or Enter, or press ? or * to list all spells.
Aiming: Flame Tongue (safe; 3% risk of failure)
Press: ? - help, Shift-Dir - straight line, f/p - Ijyb
Aim: Ijyb, wearing a scale mail (severely wounded)
The flame tongue misses Ijyb.
Ijyb zaps a wand.
The puff of flame hits you!
It is a wand of flame (19).
You take 10 damage, and have 21/31 hp.
MASSIVE DAMAGE!!
You now have 1/9 mp.
Casting: Flame Tongue (safe; 3% risk of failure)
Confirm with . or Enter, or press ? or * to list all spells.
Aiming: Flame Tongue (safe; 3% risk of failure)
Press: ? - help, Shift-Dir - straight line, f/p - Ijyb
Aim: Ijyb, wearing a scale mail and carrying a wand of flame (19) (severely wounded)
The flame tongue hits Ijyb.
Ijyb appears unharmed.
Ijyb is severely wounded.
Ijyb zaps a wand.
The puff of flame hits you!
* * * LOW HITPOINT WARNING * * *
You take 9 damage, and have 12/31 hp.
MASSIVE DAMAGE!!
You now have 0/9 mp.
Unknown command.
Ijyb screams, "Die!"
Ijyb zaps a wand.
The puff of flame hits you!
You die...

█.█
█.█
█.█
█.█
█.█
█.█
█.█
█@█
█§█


█g█ █.█ █.█ ..█ ███ You could see Ijyb.

Vanquished Creatures
  An ogre (D:3)
  4 adders
  2 dart slugs
  A leopard gecko (D:1)
  9 orcs
  A giant cockroach (D:1)
  9 goblins
  12 hobgoblins
  8 jackals
  6 kobolds
  2 ball pythons (D:2)
  10 bats
  4 frilled lizards
  9 rats
78 creatures vanquished.

Notes
Turn   | Place    | Note
-------+----------+-------------------------------------------
     0 | D:1      | Goblin1989 the Octopode Fire Elementalist began the quest for the Orb.
     0 | D:1      | Reached XP level 1. HP: 11/11 MP: 3/3
   380 | D:1      | Reached XP level 2. HP: 17/17 MP: 3/5
   981 | D:1      | Reached XP level 3. HP: 21/21 MP: 3/6
  1714 | D:2      | Found an ornate altar of the Wu Jian Council.
  1714 | D:2      | Found a faded altar of an unknown god.
  1719 | D:2      | Found a shimmering altar of Xom.
  1721 | D:2      | Found an iron altar of Okawaru.
  1722 | D:2      | Found a shattered altar of Ashenzari.
  2303 | D:2      | Found a deep blue altar of Sif Muna.
  2304 | D:2      | Found a bloodstained altar of Trog.
  2427 | D:2      | Reached XP level 4. HP: 27/27 MP: 4/7
  2432 | D:2      | Learned a level 3 spell: Conjure Flame
  2436 | D:2      | Learned a level 3 spell: Inner Flame
  3166 | D:3      | Reached skill level 4 in Fire Magic
  3950 | D:3      | Noticed an ogre
  3952 | D:3      | Reached XP level 5. HP: 31/31 MP: 5/8
  4172 | D:3      | Killed an ogre
  4703 | D:4      | Noticed Ijyb
  4711 | D:4      | Killed from afar by Ijyb

Vault maps used:
D:1:      evilmike_arrival_fibonacci_small
D:2:      chequers_temple_overflow_minitemple,
          chequers_temple_overflow_statue_of_worship, minivault_23
D:3:      nrook_mini_backslash, serial_bayou_lagoon_a
D:4:      first_ration, uniq_pikel, uniq_ijyb

Skill      XL: |  1  2  3  4  5 |
---------------+----------------+-----
Conjurations   | 2 3 |  3.6
Fire Magic     | 4 |  4.6
Spellcasting   | 3 |  3.0
Dodging        | |  2.0
Stealth        | |  2.6

Action                   |  1- 3 |  4- 6 || total
-------------------------+-------+-------++-------
Melee: Unarmed           |    10 |       ||    10
       Constrict         |     5 |     2 ||     7
       Whip              |     8 |     6 ||    14
       Tentacles         |       |     1 ||     1
Throw: Tomahawk          |       |     4 ||     4
       Stone             |       |     1 ||     1
 Cast: Flame Tongue      |    66 |    79 ||   145
       Conjure Flame     |       |     4 ||     4
       Inner Flame       |       |     1 ||     1
  Eat: Chunk             |     2 |     4 ||     6
       Ration            |     1 |     1 ||     2
Armor: Skin              |     8 |       ||     8
Dodge: Dodged            |    46 |    22 ||    68
Block: Other             |     4 |     6 ||    10
       Reflection        |       |     1 ||     1

Table legend:
 A = Spawn XP
 B = Non-spawn XP
 C = Spawn XP percentage of total XP
 D = Spawn monster count
 E = Non-spawn monster count
 F = Spawn count percentage of total count
 G = Total turns spent on level
                    A         B        C        D         E        F      G
               +---------+---------+-------+---------+---------+-------+---------
         Total |       0 |     312 |   0.0 |       0 |      78 |   0.0 |  4711
               +---------+---------+-------+---------+---------+-------+---------
           D:1 |       0 |      48 |   0.0 |       0 |      29 |   0.0 |  1595
           D:2 |       0 |      56 |   0.0 |       0 |      17 |   0.0 |  1525
           D:3 |       0 |     208 |   0.0 |       0 |      32 |   0.0 |  1583
               +---------+---------+-------+---------+---------+-------+---------

Vault maps used:
D:1:      evilmike_arrival_fibonacci_small
D:2:      chequers_temple_overflow_minitemple,
          chequers_temple_overflow_statue_of_worship, minivault_23
D:3:      nrook_mini_backslash, serial_bayou_lagoon_a
D:4:      first_ration, uniq_pikel, uniq_ijyb
